 Dungeon Sprint DCSS version 0.27-a0-1119-gbf574a6a6b (webtiles) character file.

Game seed: 12221087379945229127

109 mhtbhm the Arsonist (level 4, -4/24 HPs)
             Began as a Deep Elf Fire Elementalist on May 2, 2021.
             Slain by an iron imp (10 damage)
             ... summoned by a kobold demonologist
             ... in the Dungeon (Sprint III: "The Ten Rune Challenge").
             The game lasted 00:01:48 (418 turns).

mhtbhm the Arsonist (Deep Elf Fire Elementalist)     Turns: 418, Time: 00:01:48

Health: -4/24      AC:  2    Str:  5    XL:     4   Next: 60%
Magic:  14/14      EV: 13    Int: 21    God:
Gold:   24         SH:  0    Dex: 15    Spells: 5/16 levels left

rFire    . . .     SeeInvis .   (no weapon)
rCold    . . .     Faith    .   (no shield)
rNeg     . . .     Spirit   .   a - +0 robe
rPois    .         Reflect  .   (no helmet)
rElec    .         Harm     .   (no cloak)
rCorr    .         Rampage  .   (no gloves)
Will     .....     NoTele   +   (no boots)
Stlth    ++........             (no amulet)
HPRegen  0.08/turn              (no ring)
MPRegen  0.14/turn              (no ring)

@: no status effects
A: no striking features
a: no special abilities


You were in the Dungeon.
You visited 1 branch You collected 24 gold pieces.

Inventory:

Armour
 a - a +0 robe (worn)
Scrolls
 j - 2 scrolls of torment {unknown}
 k - a scroll of enchant armour {unknown}
 m - 2 scrolls of identify
Potions
 b - a potion of lignification {unknown}
 e - a potion of haste
 f - a potion of magic
 g - a potion of berserk rage
 i - 4 potions of mutation {unknown}
 l - 3 potions of flight


   Skills:
 + Level 4.0 Dodging
 - Level 3.4 Stealth
 + Level 6.7 Spellcasting
 + Level 3.1 Conjurations
 + Level 8.0 Fire Magic


You had 5 spell levels left.
You knew the following spells:

 Your Spells              Type           Power      Damage    Failure   Level
a - Foxfire               Conj/Fire      100%       2x1d9     1%          1
b - Conjure Flame         Conj/Fire      30%        6-21      2%          3
c - Inner Flame           Hex/Fire       23%        N/A       5%          3
d - Sticky Flame          Conj/Fire      30%        2d5       9%          4

Your spell library contained the following spells:

 Spells                   Type           Power      Damage    Failure   Level
 Fireball                 Conj/Fire      15%        3d8       26%         5


Dungeon Overview and Level Annotations

Branches:
Dungeon (1/1)

Altars:
Kikubaaqudgha
Sif Muna
Vehumet


Message History

Unknown command.
Casting: Foxfire (safe; 1% risk of failure)
Confirm with . or Enter, or press ? or * to list all spells.
You conjure some foxfire!
The foxfire hits the wizard but does no damage.
The wizard is severely wounded.
The iron imp hits you. The wizard hits you with a +0 dagger.
* * * LOW HITPOINT WARNING * * *
The kobold demonologist looks satisfied for a moment.
Unknown command.
You feel much better.
The foxfire hits the iron imp.
The iron imp completely resists.
The wizard gestures at you while chanting.
Unknown command.
Casting: Foxfire (safe; 1% risk of failure)
Confirm with . or Enter, or press ? or * to list all spells.
You conjure some foxfire!
The wizard hits you with a +0 dagger. The iron imp misses you.
The iron imp hits you!
Unknown command.
Unknown command.
Casting: Foxfire (safe; 1% risk of failure)
Confirm with . or Enter, or press ? or * to list all spells.
There is not enough space to conjure foxfire!
Unknown command.
You aren't carrying any items that you can evoke.
Unknown command.
You feel better.
The foxfire hits the iron imp but does no damage.
The wizard hits you with a +0 dagger. The iron imp hits you!
* * * LOW HITPOINT WARNING * * *
Unknown command.
Casting: Foxfire (safe; 1% risk of failure)
Confirm with . or Enter, or press ? or * to list all spells.
You conjure some foxfire!
The iron imp barely misses you. The wizard completely misses you.
Magic courses through your body.
The foxfire hits the iron imp.
The iron imp completely resists.
The iron imp spits at you. The iron imp hits you!
You die...

#..'...♣.♣ ♣.# #..#....♣
♣♣.# ####....♣♣ ♣..#
†..#....≈♣♣♣♣♣.###+#+###+
...#...≈≈♣..♣..#.........
..[#..≈≈≈≈.♣.♣.'.⌠.......
##)#..≈≈≈≈≈≈.♣.#...######
...#.≈≈≈≈≈≈....#p⌠.#
...#.≈≈≈≈≈.....#@5.#
...#.≈≈≈.......#5###
####...........#K5
........÷......#___
▓▓▓▓▓▓▓▓▓▓▓▓▓▓▓▓▓▓▓▓


You could see a wizard, a kobold demonologist, 2 iron imps and an ufetubus
(summoned).

Vanquished Creatures
  A water elemental (D)
  Jessica (D)
  A human (D)
  A phantom (D)
  An endoplasm (D)
  2 rats (D)
7 creatures vanquished.

Vanquished Creatures (others)
  63 foxfires (D)
63 creatures vanquished.

Grand Total: 70 creatures vanquished

Notes
Turn   | Place    | Note
-------+----------+-------------------------------------------
     0 | D        | mhtbhm the Deep Elf Fire Elementalist began the quest for
                  | the Orb.
     0 | D        | Reached XP level 1. HP: 10/10 MP: 6/6
    48 | D        | Noticed Jessica
    63 | D        | Reached skill level 4 in Fire Magic
    63 | D        | Killed Jessica
    64 | D        | Reached skill level 5 in Fire Magic
    64 | D        | Reached XP level 2. HP: 15/15 MP: 1/9
    64 | D        | Reached XP level 3. HP: 19/19 MP: 1/11
    68 | D        | Learned a level 3 spell: Conjure Flame
    72 | D        | Learned a level 3 spell: Inner Flame
   170 | D        | Reached skill level 5 in Spellcasting
   170 | D        | Reached skill level 6 in Fire Magic
   297 | D        | Noticed a water elemental
   311 | D        | Killed a water elemental
   312 | D        | Reached skill level 8 in Fire Magic
   312 | D        | Reached XP level 4. HP: 20/24 MP: 2/14
   357 | D        | Learned a level 4 spell: Sticky Flame
   402 | D        | Found a radiant altar of Vehumet.
   409 | D        | Found a shimmering blue altar of Sif Muna.
   409 | D        | Found an ancient bone altar of Kikubaaqudgha.
   409 | D        | Noticed a wizard
   418 | D        | Slain by an iron imp

Illustrated notes

Levels and vault maps discovered:
D:        dungeon_sprint_mu [sprint_mu_entry_forest, sprint_mu_temple_rooms,
          sprint_mu_d1_horrors, sprint_mu_d2_genie, sprint_mu_d3_branching,
          sprint_mu_orc_legion, sprint_mu_elf_gauntlet, sprint_mu_hive_nellie,
          sprint_mu_lair_fedhas, sprint_mu_vaults_butterflies,
          sprint_mu_slime_circle, sprint_mu_shoals_kraken,
          sprint_mu_snake_twists, sprint_mu_blade_basic, sprint_mu_crypt_lich,
          sprint_mu_tomb_spiral, sprint_mu_vestibule_basic,
          sprint_mu_gehenna_hellfire, sprint_mu_dis_giant,
          sprint_mu_tartarus_statrot, sprint_mu_cocytus_islands, sprint_mu_zot1]

Skill      XL: |  1  2  3 |
---------------+----------+-----
Fire Magic     | 5 8 |  8.0
Dodging        | 3 4 |  4.0
Stealth        | 3 |  3.4
Spellcasting   | 4 6 |  6.7
Conjurations   | 3 |  3.1

Action                   |  1- 3 |  4- 6 || total
-------------------------+-------+-------++-------
 Cast: Foxfire           |    31 |    12 ||    43
  Use: Scroll            |     1 |       ||     1
       Potion            |       |     3 ||     3
Dodge: Dodged            |     4 |     3 ||     7

Table legend: (Time is in decaauts)
 A = Elapsed time spent in this place.
 B = Non-inter-level travel time spent in this place.
 C = Inter-level travel time spent in this place.
 D = Time resting spent in this place.
 E = Time spent auto-exploring this place.
 F = Levels seen in this place.
 G = Mean time per level.
                   A        B        C        D        E       F      G
               +--------+--------+--------+--------+--------+-----+--------+
         Total |    420 |    420 |      0 |    250 |      0 |   1 |  420.0 |
       Dungeon |    420 |    420 |      0 |    250 |      0 |   1 |  420.0 |
               +--------+--------+--------+--------+--------+-----+--------+

Top non-repeatable levels by time:
       D: 420 daAuts
